 Dungeon Crawl Stone Soup version 0.31-a0-232-gb1c03b2570 (webtiles) character file.

Game seed: 6994776788324852480

110 qw the Shooter (level 4, 0/26 HPs)
             Began as a Gargoyle Hexslinger on July 7, 2023.
             Killed by nerve-wracking pain
             ... invoked by Grinder
              (6 damage)
             ... on level 3 of the Dungeon.
             The game lasted 00:00:52 (1803 turns).

qw the Shooter (Gargoyle Hexslinger)                Turns: 1803, Time: 00:00:52

Health: 0/26       AC: 11    Str: 12    XL:     4   Next: 91%
Magic:  5/5        EV: 10    Int: 13    God:
Gold:   71         SH:  0    Dex: 14    Spells: 4/5 levels left

rFire   . . .        Y - +1 sling
rCold   . . .        (no shield)
rNeg    + . .        f - +0 ring mail
rPois   inf          d - +1 helmet
rElec   +            c - +0 cloak
rCorr   .            (no gloves)
SInv    .            (no boots)
Will    .....        (no amulet)
Stlth   +            (no ring)
HPRegen 0.24/turn    (no ring)
MPRegen 0.09/turn

%: no passive effects
@: no status effects
A: sickness immunity, AC +3, negative energy resistance 1, electricity
resistance, torment resistance 1, petrification resistance
a: no special abilities


You were on level 3 of the Dungeon.
You visited 1 branch of the dungeon, and saw 3 of its levels.

You collected 71 gold pieces.


Innate Abilities, Weirdness & Mutations

You are immune to sickness and miasma.
Your stone body is resilient. (AC +3)
You are immune to poison.
You resist negative energy. (rN+)
You are resistant to electric shocks. (rElec)
You are resistant to unholy torment.
You are immune to petrification.


   Skills:
 - Level 2.0 Fighting
 - Level 4.5 Ranged Weapons
 + Level 0.8 Armour
 - Level 1.5 Dodging
 - Level 1.0 Spellcasting
 - Level 2.6 Hexes


You had 4 spell levels left.
You knew the following spells:

 Your Spells              Type           Power      Damage    Failure   Level
a - Slow                  Hex            28%        N/A       22%         1

Your spell library contained the following spells:

 Spells                   Type           Power      Damage    Failure   Level
 Inner Flame              Hex/Fire       4%         N/A       73%         3
 Portal Projectile        Hex/Tloc       8%         N/A       73%         3
 Cause Fear               Hex            3%         N/A       91%         4

Inventory:

Hand Weapons
 Y - a +1 sling (weapon)
Armour
 c - a +0 cloak (worn)
 d - a +1 helmet (worn)
 f - a +0 ring mail (worn)
Potions
 e - a potion of haste {unknown}

Dungeon Overview and Level Annotations

Branches:
Dungeon (3/15)

Altars:

Annotations:
D:3 Grinder


Message History

The endoplasm hits you. Grinder closely misses you.
The endoplasm hits you but does no damage.
Grinder says, "Mostly I couldn't keep them alive."
Grinder closely misses you.
You shoot a sling bullet. The sling bullet hits Grinder.
Grinder is moderately wounded.
The endoplasm completely misses you. Grinder gestures at you.
You suddenly lose the ability to move!
Grinder hits you but does no damage.
The endoplasm hits you but does no damage.
You can move again.
You shoot a sling bullet. The sling bullet hits Grinder.
Grinder is moderately wounded.
The endoplasm freezes you.
You are frozen.
Grinder says, "Mostly I couldn't keep them alive."
Grinder barely misses you.
You shoot a sling bullet.
The sling bullet closely misses Grinder.
The sling bullet hits the worm.
The worm is lightly wounded.
The endoplasm freezes you.
You are frozen.
Grinder hits you.
You writhe in agony.
The endoplasm misses you. Grinder hits you but does no damage.
You shoot a sling bullet.
The sling bullet closely misses Grinder.
The sling bullet completely misses the worm.
The endoplasm closely misses you. Grinder closely misses you.
You shoot a sling bullet. The sling bullet barely misses Grinder.
The endoplasm freezes you.
You are frozen.
Grinder hits you but does no damage.
You shoot a sling bullet.
The sling bullet closely misses Grinder.
Grinder hits you but does no damage. The endoplasm freezes you.
You are frozen.
Grinder gestures at you. Pain shoots through your body!
You die...

.... .... ##
.# .......
.### 7...#.
#####....
7.... #.....#
7..w###.....#
7.5........#
7.7J@#......#
7...#.#.<..#
7...##......#
7....
##.....#
7...#.
#.....#
.......
#..<..# .#.#
## ####..# #.
#.# .#


You could see Grinder, a worm and an endoplasm.

Vanquished Creatures
  4 adders
  A worm (D:2)
  2 dart slugs
  4 bats
  8 endoplasms
  5 giant cockroaches (D:2)
  4 goblins
  4 hobgoblins
  6 jackals
  6 quokkas
  5 ball pythons
  3 frilled lizards
  2 kobolds
  4 rats
58 creatures vanquished.

Notes
Turn   | Place    | Note
-------+----------+-------------------------------------------
     0 | D:1      | qw the Gargoyle Hexslinger began the quest for the Orb.
     0 | D:1      | Reached XP level 1. HP: 12/12 MP: 2/2
     0 | D:1      | 0 ||| qw: Version: 0.3-a-46-gb1f654a
     0 | D:1      | 0 ||| qw: Game counter: 2770
     0 | D:1      | 0 ||| qw: Melee chars always use a shield: true
     0 | D:1      | 0 ||| qw: God list: Okawaru
     0 | D:1      | 0 ||| qw: Allow faded altars: false
     0 | D:1      | 0 ||| qw: Do Orc after clearing Dungeon:15 true
     0 | D:1      | 0 ||| qw: Do second Lair branch before Depths: true
     0 | D:1      | 0 ||| qw: Lair rune preference: random
     0 | D:1      | 0 ||| qw: Goals: Normal
     0 | D:1      | 0 ||| PLANNING D:1-11
    35 | D:1      | 35 ||| DROPPING scroll of poison.
    76 | D:1      | 76 ||| READING scroll labelled XIOS GEGIGAJ.
    83 | D:1      | Reached XP level 2. HP: 16/16 MP: 3/3
   288 | D:1      | Reached skill level 3 in Ranged Weapons
   468 | D:1      | Reached XP level 3. HP: 21/21 MP: 4/4
   559 | D:1      | 559 ||| UPGRADING to +0 leather armour.
   561 | D:1      | 561 ||| UPGRADING to +0 leather armour.
   571 | D:1      | 571 ||| DROPPING +0 robe.
   572 | D:1      | 572 ||| UPGRADING to +1 helmet.
   713 | D:1      | 713 ||| UPGRADING to +0 cloak.
   854 | D:1      | 854 ||| READING scroll labelled XURGHU JAUD.
  1213 | D:2      | Reached XP level 4. HP: 13/26 MP: 5/5
  1336 | D:2      | Reached skill level 4 in Ranged Weapons
  1741 | D:2      | 1741 ||| UPGRADING to +0 ring mail.
  1751 | D:2      | 1751 ||| DROPPING +0 leather armour.
  1752 | D:2      | 1752 ||| READING 2 scrolls labelled LEMAIPPA PIRO.
  1753 | D:2      | 1753 ||| READING scroll labelled MEPROXED LETRA.
  1754 | D:2      | 1754 ||| DROPPING scroll of immolation.
  1786 | D:3      | Noticed Grinder
  1797 | D:3      | Paralysed by Grinder for 2 turns
  1802 | D:3      | HP: 6/26 [frozen (3)]
  1803 | D:3      | Killed from afar by Grinder

Levels and vault maps discovered:
D:1:      minmay_arrival_up_and_down, layout_basic, serial_co_window_serial,
          co_window_corner_a, co_window_paths_a, co_window_paths_a,
          co_window_cross_1, co_window_corner_a, co_window_corner_b,
          co_window_unsneaky_path_b, co_window_broadway_c, co_window_cross_2,
          co_window_broadway_b, co_window_unsneaky_path_a, co_window_broadway_c,
          co_window_paths_e, glass_columns_b, glass_columns_c, glass_columns_c,
          glass_columns_a
D:2:      layout_basic, serial_glass, glass_columns_b, glass_columns_a,
          glass_columns_a, glass_columns_a, glass_columns_a, glass_columns_a,
          glass_columns_a, glass_columns_b
D:3:      layout_loops_ring, lemuel_tele_altar, okawaru_trees_2,
          shapermc_ecumenical_altar_mp_urbaneastern, serial_shops,
          nicolae_shop_pleasant_corner_grove, roderic_lattice_a, minivault_14,
          uniq_grinder

Skill      XL: |  1  2  3  4 |
---------------+-------------+-----
Ranged Weapons | 3 4 |  4.5
Fighting       | 2 |  2.0
Armour         | |  0.8
Dodging        | |  1.5
Spellcasting   | |  1.0
Hexes          | |  2.6

Action                     |  1- 3 |  4- 6 || total
---------------------------+-------+-------++-------
   Fire: Sling             |   123 |    94 ||   217
    Use: Scroll            |     2 |     2 ||     4
 Armour: Robe              |    10 |       ||    10
         Leather armour    |    47 |    17 ||    64
         Ring mail         |       |     9 ||     9
  Dodge: Dodged            |    73 |    37 ||   110

Table legend:
 A = Non-vault XP
 B = Vault XP
 C = Vault XP percentage of total XP
 D = Non-vault monster count
 E = Vault monster count
 F = Vault count percentage of total count
                 A         B        C        D         E       F
            +---------+---------+-------+---------+---------+-------
      Total |     158 |       0 |   0.0 |      58 |       0 |   0.0
            +---------+---------+-------+---------+---------+-------
        D:1 |      58 |       0 |   0.0 |      32 |       0 |   0.0
        D:2 |      86 |       0 |   0.0 |      25 |       0 |   0.0
        D:3 |      14 |       0 |   0.0 |       1 |       0 |   0.0
            +---------+---------+-------+---------+---------+-------
